 Dungeon Crawl Stone Soup version 0.27.1-4-g1640c2035a (webtiles) character file.

Game seed: 11232843961794659754

9 croobank the Chiller (level 2, -1/15 HPs)
             Began as a Gargoyle Ice Elementalist on Nov 16, 2021.
             Shot with a stone by a goblin (3 damage)
             ... led by Robin
             ... on level 2 of the Dungeon.
             The game lasted 00:01:57 (134 turns).

croobank the Chiller (Gargoyle Ice Elementalist)     Turns: 134, Time: 00:01:57

Health: -1/15      AC:  4    Str: 11    XL:     2   Next: 12%
Magic:  4/5        EV: 11    Int: 15    God:
Gold:   21         SH:  0    Dex: 10    Spells: 4/5 levels left

rFire    . . .     SeeInvis .   c - +0 mace
rCold    . . .     Faith    .   (no shield)
rNeg     + . .     Spirit   .   a - +0 robe
rPois    ∞         Reflect  .   (no helmet)
rElec    +         Harm     .   (no cloak)
rCorr    .         Rampage  .   (no gloves)
Will     .....                  (no boots)
Stlth    ++........             (no amulet)
HPRegen  0.05/turn              (no ring)
MPRegen  0.09/turn              (no ring)

@: no status effects
A: sickness immunity, AC +2, negative energy resistance 1, electricity
resistance, torment resistance 1, petrification resistance
a: no special abilities


You were on level 2 of the Dungeon.
You visited 1 branch of the dungeon, and saw 2 of its levels.

You collected 21 gold pieces.

Inventory:

Hand Weapons
 c - a +0 mace (weapon)
Armour
 a - a +0 robe (worn)
Scrolls
 d - a scroll of magic mapping {unknown}
Potions
 b - a potion of ambrosia {unknown}


   Skills:
 + Level 1.5 Dodging
 + Level 2.3 Stealth
 + Level 2.0 Spellcasting
 + Level 4.3 Ice Magic


You had 4 spell levels left.
You knew the following spells:

 Your Spells              Type           Power      Damage    Failure   Level
a - Freeze                Ice            56%        1d7       3%          1

Your spell library contained the following spells:

 Spells                   Type           Power      Damage    Failure   Level
 Frozen Ramparts          Ice            28%        1d4       11%         3
 Ozocubu's Armour         Ice            14%        N/A       11%         3
 Hailstorm                Conj/Ice       8%         3d4       65%         4


Dungeon Overview and Level Annotations

Branches:
Dungeon (2/15)

Altars:


Innate Abilities, Weirdness & Mutations

You are immune to sickness and miasma.
Your stone body is resilient. (AC +2)
You are immune to poison.
You resist negative energy. (rN+)
You are resistant to electric shocks. (rElec)
You are resistant to unholy torment.
You are immune to petrification.


Message History

You hit the endoplasm.
The endoplasm is severely wounded.
The endoplasm freezes you.
You are frozen.
You barely miss the endoplasm.
The endoplasm is heavily wounded.
The endoplasm barely misses you.
Aiming: Freeze (safe; 3% risk of failure)
Press: ? - help, Q - select action Shift-Dir - straight line, f - kobold
Aim: a kobold, wielding a +0 short sword You freeze the kobold.
You kill the kobold!
The endoplasm hits you but does no damage.
You hit the endoplasm.
You kill the endoplasm!
The hobgoblin hits you but does no damage.
You have reached level 2!
You closely miss the hobgoblin. The hobgoblin hits you.
The hobgoblin barely misses you.
You closely miss the hobgoblin. The hobgoblin barely misses you.
The hobgoblin hits you. x2
You hit the hobgoblin.
You kill the hobgoblin!
The hobgoblin barely misses you. The hobgoblin hits you.
* * * LOW HITPOINT WARNING * * *
The hobgoblin hits you.
* * * LOW HITPOINT WARNING * * *
You see here a hobgoblin corpse.
The hobgoblin closely misses you.
There is a stone staircase leading down here.
You climb downwards.
The goblin shouts! x2; You hear a shout!
Found a scroll labelled FENIQAAXUE.
Found a stone staircase leading up.
There is a stone staircase leading up here.
A ball python and a worm come into view.
Found a stone staircase leading down.
The hobgoblin shouts!
The goblin shouts!
The goblin unwields a +0 club.
The goblin wields a +0 hunting sling.
The goblin shoots a stone.
The stone hits you.
You die...

... w..#..
#..#.# #..#.##
#..... #..#.#
#.###..#.###
........<..##
S......@....#
.............gg.
............g...
...<........g...
.............###
...............
...........?###
..>.........#


You could see a worm (asleep), a hobgoblin, 3 goblins and a ball python
(asleep).

Vanquished Creatures
  2 bats (D:1)
  An endoplasm (D:1)
  A giant cockroach (D:1)
  A goblin (D:1)
  A hobgoblin (D:1)
  A ball python (D:1)
  A kobold (D:1)
8 creatures vanquished.

Notes
Turn   | Place    | Note
-------+----------+-------------------------------------------
     0 | D:1      | croobank the Gargoyle Ice Elementalist began the quest for
                  | the Orb.
     0 | D:1      | Reached XP level 1. HP: 10/10 MP: 3/3
   121 | D:1      | Reached XP level 2. HP: 14/15 MP: 3/5
   134 | D:2      | Shot with a stone by a goblin

Illustrated notes

Levels and vault maps discovered:
D:1:      ebering_hopf_link, layout_rooms, shapermc_ecumenical_altar_pompeii,
          minmay_tetromino_t4
D:2:      layout_rooms, chequers_serial_rivers_small_3,
          amcnicky_mini_rare_corridor_liquid, uniq_sigmund, uniq_robin

Action                   || total
-------------------------++-------
Melee: Mace              ||    10
       Unarmed           ||     3
 Cast: Freeze            ||     4
 Stab: Sleeping          ||     2
Armor: Robe              ||     8
Dodge: Dodged            ||    14
